 Dungeon Crawl Stone Soup version 0.30.1-11-g7821555f0a (webtiles) character file.

Game seed: 5661262638666937033

426 SacredBeard the Grave Robber (level 6, -4/41 HPs)
             Began as a Demonspawn Necromancer on Oct 27, 2023.
             Slain by a sleepcap (14 damage)
             ... on level 4 of the Dungeon.
             The game lasted 00:16:31 (4942 turns).

SacredBeard the Grave Robber (DsNe)                 Turns: 4942, Time: 00:16:32

Health: -4/41      AC:  8    Str:  8    XL:     6   Next: 64%
Magic:  0/12       EV:  2    Int: 19    God:
Gold:   68         SH:  0    Dex: 13    Spells: 13/14 levels left

rFire   . . .        j - +0 dagger
rCold   . . .        (no shield)
rNeg    . . .        a - +0 robe
rPois   .            (no helmet)
rElec   .            (no cloak)
rCorr   .            (no gloves)
SInv    .            (no boots)
Will    .....        w - amulet of the acrobat
Stlth   ++           (no ring)
HPRegen 0.26/turn    (no ring)
MPRegen 0.13/turn

%: acrobat
@: sleeping, sanguine armoured, very slightly contaminated
A: demonic guardian 1, powered by death 1, sanguine armour 1
a: no special abilities


You were on level 4 of the Dungeon.
You visited 2 branches of the dungeon, and saw 6 of its levels.

You collected 138 gold pieces.
You spent 70 gold pieces at shops.

Inventory:

Hand Weapons
 j - a +0 dagger (weapon)
Armour
 a - a +0 robe (worn)
Jewellery
 w - an amulet of the acrobat (around neck)
Scrolls
 h - a scroll of brand weapon {unknown}
 l - 2 scrolls of fear {unknown}
 m - 5 scrolls of identify {unknown}
 n - 3 scrolls of blinking {unknown}
 p - a scroll of silence {unknown}
 u - 4 scrolls of immolation {unknown}
 v - a scroll of enchant weapon {unknown}
 y - a scroll of torment {unknown}
 F - a scroll of teleportation {unknown}
Potions
 b - a potion of magic
 c - 4 potions of heal wounds
 f - 2 potions of might {unknown}
 k - a potion of haste {unknown}
 q - a potion of invisibility {unknown}
 t - a potion of brilliance {unknown}
 A - 4 potions of curing {unknown}


   Skills:
 - Level 2.0 Armour
 - Level 2.0 Dodging
 - Level 2.0 Stealth
 * Level 4.5 Spellcasting
 * Level 6.6 Necromancy


You had 13 spell levels left.
You knew the following spells:

 Your Spells              Type           Power      Damage    Failure   Level
a - Necrotise             Necr           100%       1d9       1%          1

Your spell library contained the following spells:

 Spells                   Type           Power      Damage    Failure   Level
 Vampiric Draining        Necr           29%        2d8       2%          3
 Animate Dead             Necr           29%        N/A       9%          4
 Blink                    Tloc           8%         N/A       21%         2
 Agony                    Necr           29%        N/A       24%         5
 Manifold Assault         Tloc           4%         N/A       78%         4
 Storm Form               Tmut/Air       2%         N/A       100%        7


Dungeon Overview and Level Annotations

Branches:
Dungeon (5/15) Zot: 25063  Temple (1/1) D:4 Zot: 5987

Altars:
Ashenzari
Cheibriados
Dithmenos
Fedhas
Hepliaklqana
Makhleb
Nemelex Xobeh
Okawaru
Ru
Sif Muna
Trog
Uskayaw
Wu Jian
Xom
Yredelemnul

Shops:
D:3 *


Innate Abilities, Weirdness & Mutations

A weak demonic guardian rushes to your aid.
You regenerate a little health from kills.
When seriously injured, your blood forms armour. (AC +6)


Message History

The gnoll writhes in agony.
The gnoll hits you from afar with a +0 halberd!
Your blood congeals into armour.
Your gnoll skeleton hits the gnoll.
The gnoll hits your gnoll skeleton with a +0 halberd.
Your gnoll skeleton hits the gnoll.
The sleepcap attacks as you move away! The sleepcap misses you.
The gnoll barely misses your gnoll skeleton.
Your gnoll skeleton hits the gnoll but does no damage.
You see here 16 gold pieces.
The sleepcap attacks as you move away! The sleepcap barely misses you.
The gnoll hits your gnoll skeleton with a +0 halberd!
The sleepcap attacks as you move away! The sleepcap releases spores at you.
* * * LOW HITPOINT WARNING * * *
The gnoll hits your gnoll skeleton with a +0 halberd!
Your gnoll skeleton is destroyed!
There is a stone staircase leading up here.
The sleepcap closely misses you.
You climb upwards.
There is a stone staircase leading down here.
Casting: Necrotise (safe; 1% risk of failure)
Confirm with . or Enter, or press ? or * to list all spells.
Aiming: Necrotise (safe; 1% risk of failure)
Press: ? - help, Shift-Dir - straight line, f - sleepcap
Aim: a sleepcap (lightly damaged, chance to affect: 88%)
The sleepcap writhes in agony.
The sleepcap releases spores at you but does no damage.
Casting: Necrotise (safe; 1% risk of failure)
Confirm with . or Enter, or press ? or * to list all spells.
Aiming: Necrotise (safe; 1% risk of failure)
Press: ? - help, Shift-Dir - straight line, f/p - sleepcap
Aim: a sleepcap (moderately damaged, chance to affect: 88%)
You miscast Necrotise.
You are very lightly contaminated with residual magic.
Nothing appears to happen.
The sleepcap releases spores at you.
* * * LOW HITPOINT WARNING * * *
You are engulfed in a cloud of soporific spores!
You fall asleep.
The sleepcap releases spores at you but does no damage.
The sleepcap releases spores at you!
You die...

..##......###'####.......########
####......##.....#...............
#.............#######.........
#.....^.............#.........
#...................#.........
#...................#.........
#...................'......... ##
#####..#####..##.####.........
.###..##..##.##f@####........####
..............#.....#........#
.............<#.....#........#
..............#.....#........#
..............#.....#........#
..............#.....#........#
..............'.....'........#
..............#.....#........#
#####################........#


You could see a sleepcap.

Vanquished Creatures
  2 scorpions (D:4)
  3 crimson imps (D:3)
  A jelly (D:4)
  An orc wizard (D:4)
  3 gnolls
  An adder (D:4)
  4 dart slugs
  5 orcs (D:4)
  9 ball pythons
  8 endoplasms
  2 giant cockroaches
  5 goblins
  4 hobgoblins
  6 jackals (D:3)
  2 kobolds
  A quokka (D:1)
  2 bats
  5 frilled lizards
  7 rats
71 creatures vanquished.

Vanquished Creatures (collateral kills)
  A crimson imp (D:3)
  An endoplasm (D:1)
  2 goblins
  A ball python (D:2)
  A bat (D:1)
6 creatures vanquished.

Grand Total: 77 creatures vanquished

Notes
Turn   | Place    | Note
-------+----------+-------------------------------------------
     0 | D:1      | SacredBeard the Demonspawn Necromancer began the quest for
                  | the Orb.
     0 | D:1      | Reached XP level 1. HP: 13/13 MP: 3/3
   156 | D:1      | Found a faded altar of an unknown god.
   227 | D:1      | Gained mutation: You regenerate a little health from kills.
                  | [demonic ancestry]
   227 | D:1      | Reached XP level 2. HP: 16/19 MP: 0/5
   896 | D:1      | Gained mutation: When seriously injured, your blood forms
                  | armour. (AC +6) [demonic ancestry]
   896 | D:1      | Reached XP level 3. HP: 24/24 MP: 4/6
  1437 | D:2      | Reached skill level 5 in Necromancy
  1708 | D:2      | Reached skill level 1 in Armour
  1953 | D:3      | Found Ywuas's General Store.
  1957 | D:3      | Bought a potion of heal wounds for 70 gold pieces
  2343 | D:3      | Gained mutation: A weak demonic guardian rushes to your
                  | aid. [demonic ancestry]
  2343 | D:3      | Reached XP level 4. HP: 27/30 MP: 4/8
  3115 | D:4      | Found a shimmering altar of Xom.
  3440 | D:3      | Reached XP level 5. HP: 29/35 MP: 9/9
  3915 | D:4      | Found a staircase to the Ecumenical Temple.
  4090 | Temple   | Entered the Ecumenical Temple
  4139 | D:4      | Reached skill level 6 in Necromancy
  4387 | D:4      | Reached XP level 6. HP: 41/41 MP: 7/11
  4779 | D:5      | Entered Level 5 of the Dungeon
  4942 | D:4      | Slain by a sleepcap

Illustrated notes

Levels and vault maps discovered:
D:1:      minmay_arrival_three_doors, layout_loops_cross,
          shapermc_ecumenical_altar_acropolis
D:2:      layout_loops_corners, serial_glass, glass_columns_a, glass_columns_c
D:3:      layout_basic, serial_shops, nicolae_shop_hallway_stairs
D:4:      layout_gridville, led_xom_imps, minmay_temple_entry_enclosed_plants
D:5:      layout_basic, uniq_prince_ribbit1, uniq_duvessa, uniq_menkaure,
          uniq_grinder
Temple:   sentei_temple_godly_chess

Skill      XL: |  1  2  3  4  5  6 |
---------------+-------------------+-----
Stealth        | 2 |  2.0
Dodging        | 2 |  2.0
Necromancy     | 5 6 |  6.6
Armour         | 1 2 |  2.0
Spellcasting   | 3 4 |  4.5

Action                     |  1- 3 |  4- 6 || total
---------------------------+-------+-------++-------
  Melee: Dagger            |     7 |   303 ||   310
         Unarmed           |     1 |       ||     1
         Punch             |       |     1 ||     1
   Cast: Necrotise         |    80 |    57 ||   137
   Stab: Distracted        |       |     1 ||     1
 Armour: Robe              |     3 |    68 ||    71
  Dodge: Dodged            |    15 |   183 ||   198
